 Dungeon Crawl Stone Soup version 0.32-a0-441-gaf4921d101 (webtiles) character file.

Game seed: 3631121151260279968

26068 supsnack the Slicer (level 12, -7/102 HPs)
             Began as a Demonspawn Gladiator on Feb 23, 2024.
             Was the Champion of Okawaru.
             Mangled by a three-headed hydra simulacrum (20 damage)
             ... in an ice cave.
             The game lasted 00:27:30 (14124 turns).

supsnack the Slicer (Demonspawn Gladiator)         Turns: 14124, Time: 00:27:31

Health: -7/102     AC: 24    Str: 15    XL:     12   Next: 95%
Magic:  22/22      EV: 10    Int: 12    God:    Okawaru [******]
Gold:   1740       SH:  0    Dex: 16    Spells: 11/11 levels left

rFire   . . .        Q - +1 quick blade (venom)
rCold   . . .        (no shield)
rNeg    . . .        I - +4 scale mail {rPois}
rPois   +            c - +0 helmet
rElec   .            D - +2 cloak {Stlth+}
rCorr   .            (no gloves)
SInv    .            w - +2 pair of boots
Will    .....        (no amulet)
Stlth   +            O - +4 ring of protection
HPRegen 0.37/turn    j - ring of poison resistance
MPRegen 0.18/turn

%: no passive effects
@: wreathed by umbra
A: thin metallic scales 2, foul stench 2, demonic touch 2, foul shadow 2
a: Renounce Religion, Heroism, Finesse, Duel, Receive Armour


You were in an ice cave.
You worshipped Okawaru.
Okawaru was exalted by your worship.
You visited 3 branches of the dungeon, and saw 14 of its levels.
You also visited: Bailey and Ice Cave.

You collected 1740 gold pieces.

Inventory:

Hand Weapons
 a - a +0 rapier of venom
 F - a +2 short sword
 H - a +2 short sword of flaming
 Q - a +1 quick blade of venom (weapon)
Missiles
 d - 3 throwing nets
 e - 3 javelins
 u - 12 atropa-tipped darts
 J - 29 poisoned darts (quivered)
 L - 4 datura-tipped darts
Armour
 c - a +0 helmet (worn)
 w - a +2 pair of boots (worn)
 D - a +2 cloak of stealth (worn)
 I - a +4 scale mail of poison resistance (worn)
Jewellery
 h - a ring of see invisible
 j - a ring of poison resistance (right hand)
 G - a ring of fire
 O - a +4 ring of protection (left hand)
Wands
 p - a wand of iceblast (3)
 q - a wand of digging (4)
 B - a wand of paralysis (17)
 C - a wand of mindburst (33)
 E - a wand of acid (10)
Scrolls
 f - 2 scrolls of blinking
 g - 8 scrolls of teleportation
 l - 3 scrolls of noise
 o - 3 scrolls of poison
 r - 4 scrolls of fog
 t - 8 scrolls of fear
 x - 6 scrolls of silence
 y - a scroll of amnesia
 M - 2 scrolls of immolation
 P - a scroll of enchant armour {unknown}
Potions
 b - a potion of mutation
 i - 3 potions of heal wounds {unknown}
 k - a potion of haste
 m - 5 potions of curing {unknown}
 n - a potion of magic {unknown}
 s - a potion of brilliance {unknown}
 v - 3 potions of might {unknown}
 z - 2 potions of degeneration {unknown}
 A - a potion of enlightenment {unknown}
 K - a potion of invisibility {unknown}
 N - a potion of cancellation {unknown}
 R - a potion of berserk rage {unknown}


   Skills:
 + Level 12.3 Fighting
 - Level 14.0 Short Blades
 * Level 2.3 Throwing
 - Level 3.6 Dodging
 + Level 13.6 Invocations


You had 11 spell levels left.
You didn't know any spells.
Your spell library contained the following spells:

 Spells                   Type           Power      Damage    Failure   Level
 Freeze                   Ice            0%         1d3       80%         1
 Magic Dart               Conj           0%         1d3       80%         1
 Searing Ray              Conj           0%         2d4       91%         2
 Frozen Ramparts          Ice            0%         1d1       99%         3
 Hailstorm                Conj/Ice       0%         3d5       99%         3
 Stone Arrow              Conj/Erth      0%         3d7       99%         3
 Volatile Blastmotes      Fire/Tloc      0%         2d10      99%         3
 Fulminant Prism          Conj/Alch      0%         3d5       100%        4
 Iskenderun's Mystic Bla  Conj/Tloc      0%         2d3       100%        4
 Passage of Golubria      Tloc           0%         N/A       100%        4
 Silence                  Hex/Air        0%         N/A       100%        5
 Lehudib's Crystal Spear  Conj/Erth      0%         10d2      100%        8
 Animate Armour           Summ/Erth      Unusable   N/A       N/A         4

Dungeon Overview and Level Annotations

Branches:
Dungeon (10/15)            Temple (1/1) D:5            Lair (3/5) D:8
    Orc (0/2) D:9          Bailey (visited)           IceCv (1/1)
  Swamp: Lair:2-3    Shoals: Lair:2-3     Snake: Lair:2-3    Spider: Lair:2-3

Altars:
Ashenzari
Cheibriados
Dithmenos
Fedhas
Gozag
Hepliaklqana
Kikubaaqudgha
Makhleb
Nemelex Xobeh
Okawaru
Qazlal
Ru
Sif Muna
Trog
Uskayaw
Vehumet
Wu Jian
Xom
Yredelemnul

Shops:
D:2 (   D:7 *


Innate Abilities, Weirdness & Mutations

You are mostly covered in thin metallic scales. (AC +3)
You sometimes emit foul miasma when damaged in melee.
Your touch may inflict irresistible damage on your foes.
You are shadowed, sometimes releasing foul flame when damaged in melee.


Message History

There is an open door here.
There is an open door here.
There is an open door here.
There is an open door here.
You open the door.
A three-headed hydra simulacrum comes into view.
The three-headed hydra simulacrum bites you but does no damage.
The three-headed hydra simulacrum bites you.
The three-headed hydra simulacrum freezes you!!
The three-headed hydra simulacrum bites you.
The three-headed hydra simulacrum freezes you!!
There is an open door here.
You are too injured to fight recklessly!
You are too injured to fight recklessly!
You are too injured to fight recklessly!
You are too injured to fight recklessly!
You hit the three-headed hydra simulacrum.
You touch the three-headed hydra simulacrum!
You hit the three-headed hydra simulacrum.
The three-headed hydra simulacrum is heavily damaged.
The three-headed hydra simulacrum bites you but does no damage.
The three-headed hydra simulacrum bites you.
The three-headed hydra simulacrum freezes you!!
* * * LOW HITPOINT WARNING * * *
The three-headed hydra simulacrum resists.
The three-headed hydra simulacrum is seared by the foul flame within you.
The three-headed hydra simulacrum is heavily damaged.
You emit a cloud of foul miasma!
The three-headed hydra simulacrum bites you but does no damage.
You hit the three-headed hydra simulacrum. x2
The three-headed hydra simulacrum is severely damaged.
You hit the three-headed hydra simulacrum. x2
The three-headed hydra simulacrum is almost destroyed.
You hit the three-headed hydra simulacrum. x2
The three-headed hydra simulacrum is almost destroyed.
The three-headed hydra simulacrum bites you but does no damage. x2
The three-headed hydra simulacrum bites you!
* * * LOW HITPOINT WARNING * * *
The three-headed hydra simulacrum freezes you!!
You die...

############# ######
+.........'.# ###.....
#####'#####.# #.......
#.#Z# ####......
#+#+#.#@#+# #⌠.#......
#.........+ +$4#......
#.ß.ß.ß.ß.########......
#..............#........
+..............'.....⌠..
#..............#........
#.ß.ß.ß.ß.########......
#.........'.# #......
#+#+#.#+#+### .#......


You could see a three-headed hydra simulacrum.

Vanquished Creatures
  Harold (D:9)
  A two-headed ogre (D:10)
  3 death yaks
  10 elephants
  2 ice statues (IceCv)
  A black mamba (Lair:2)
  A gargoyle (D:10)
  7 cane toads
  An unseen horror (D:10)
  3 rime drakes
  Maggie (D:10)
  4 ice devils (IceCv)
  A troll (D:10)
  A polar bear (Lair:3)
  10 blink frogs
  A vampire (D:7)
  Sigmund (D:2)
  2 wyverns (D:8)
  29 yaks
  A shadow (D:9)
  A steam dragon (D:9)
  7 basilisks
  An acid dragon (D:10)
  A harpy simulacrum (IceCv)
  7 water moccasins
  3 orc warriors (Bailey)
  2 ice beasts (D:6)
  A sky beast (D:8)
  2 black bears
  An ogre (D:7)
  3 wolves (Lair:1)
  3 centaurs
  6 kobold brigands (Bailey)
  13 bullfrogs
  4 gnoll sergeants
  3 two-headed ogre simulacra (IceCv)
  7 scorpions
  3 wights (D:8)
  An elephant simulacrum (IceCv)
  2 bombardier beetles
  6 howler monkeys (D:8)
  3 hounds (D:5)
  3 jellies
  2 gnoll boudas
  3 orc priests
  5 iguanas
  8 orc wizards
  A spriggan simulacrum (IceCv)
  A wolf simulacrum (IceCv)
  35 gnolls
  8 adders
  3 shadow imps
  2 white imps (D:7)
  A dart slug (D:1)
  28 orcs
  13 ball pythons
  6 endoplasms
  2 giant cockroaches
  3 goblins
  8 hobgoblins
  4 jackals (D:3)
  3 quokkas
  8 bats
  3 frilled lizards
  17 kobolds
  6 rats
334 creatures vanquished.

Notes
Turn   | Place    | Note
-------+----------+-------------------------------------------
     0 | D:1      | supsnack the Demonspawn Gladiator began the quest for the
                  | Orb.
     0 | D:1      | Reached XP level 1. HP: 16/16 MP: 1/1
    57 | D:1      | Gained mutation: You are faintly shadowed, very rarely
                  | releasing foul flame when damaged in melee. [demonic
                  | ancestry]
    57 | D:1      | Reached XP level 2. HP: 12/22 MP: 2/2
   130 | D:1      | Found a faded altar of an unknown god.
   346 | D:1      | Gained mutation: Your touch may inflict minor irresistible
                  | damage on your foes. [demonic ancestry]
   346 | D:1      | Reached XP level 3. HP: 28/28 MP: 3/3
   798 | D:2      | Found Olutt's Antique Weapon Shoppe.
  1013 | D:2      | Noticed Sigmund
  1022 | D:2      | Killed Sigmund
  1023 | D:2      | Reached skill level 4 in Short Blades
  1023 | D:2      | Gained mutation: You are partially covered in thin metallic
                  | scales. (AC +2) [demonic ancestry]
  1023 | D:2      | Reached XP level 4. HP: 35/37 MP: 4/4
  1023 | D:2      | Gained mutation: You may rarely emit foul miasma when
                  | damaged in melee. [demonic ancestry]
  1023 | D:2      | Reached XP level 5. HP: 40/42 MP: 5/5
  1252 | D:2      | You fall into a shaft and drop 1 floor!
  1274 | D:3      | Gained mutation: Your touch may inflict irresistible damage
                  | on your foes. [demonic ancestry]
  1274 | D:3      | Reached XP level 6. HP: 48/48 MP: 6/6
  1956 | D:3      | Found a basalt altar of Yredelemnul.
  2020 | D:3      | Reached skill level 5 in Short Blades
  2707 | D:4      | Gained mutation: You are mostly covered in thin metallic
                  | scales. (AC +3) [demonic ancestry]
  2707 | D:4      | Reached XP level 7. HP: 48/55 MP: 7/7
  3000 | D:4      | Reached skill level 6 in Short Blades
  3002 | D:4      | Reached skill level 5 in Fighting
  3450 | D:5      | Entered Level 5 of the Dungeon
  3460 | D:5      | Found a hide-covered altar of Uskayaw.
  4091 | D:5      | Noticed a yak
  4135 | D:5      | Reached skill level 7 in Short Blades
  4135 | D:5      | Reached XP level 8. HP: 63/64 MP: 8/8
  4237 | D:5      | Found a staircase to the Ecumenical Temple.
  4516 | Temple   | Entered the Ecumenical Temple
  4571 | Temple   | Became a worshipper of Warmaster Okawaru
  4782 | D:6      | Reached skill level 8 in Short Blades
  4782 | D:6      | Reached skill level 1 in Invocations
  5599 | D:7      | Reached * piety under Okawaru
  5600 | D:7      | Gained mutation: You sometimes emit foul miasma when
                  | damaged in melee. [demonic ancestry]
  5600 | D:7      | Reached XP level 9. HP: 66/71 MP: 11/11
  5842 | D:7      | Found Sosod's Fire Supplies.
  5884 | D:7      | Reached skill level 9 in Short Blades
  6571 | D:8      | Reached ** piety under Okawaru
  6593 | D:8      | Reached skill level 5 in Invocations
  6767 | D:8      | Found a staircase to the Lair.
  6777 | D:8      | Reached skill level 10 in Short Blades
  6938 | D:8      | Gained mutation: You are shadowed, sometimes releasing foul
                  | flame when damaged in melee. [demonic ancestry]
  6938 | D:8      | Reached XP level 10. HP: 77/80 MP: 14/14
  6948 | D:8      | Reached *** piety under Okawaru
  8146 | D:9      | Found a staircase to the Orcish Mines.
  8199 | D:9      | Noticed Harold
  8225 | D:9      | Killed Harold
  8225 | D:9      | Reached **** piety under Okawaru
  8226 | D:9      | Reached skill level 11 in Short Blades
  8808 | D:10     | Entered Level 10 of the Dungeon
  8841 | D:10     | Noticed a two-headed ogre
  8869 | D:10     | Killed a two-headed ogre
  8869 | D:10     | Reached ***** piety under Okawaru
  8870 | D:10     | Reached XP level 11. HP: 73/89 MP: 17/17
  8954 | D:10     | Noticed Maggie
  8969 | D:10     | Killed Maggie
  8981 | D:10     | Received a gift from Okawaru
  8982 | D:10     | Reached skill level 12 in Short Blades
  9006 | D:10     | Found a flagged portal.
  9050 | Bailey   | Entered a bailey
  9329 | Bailey   | Found a burning altar of Makhleb.
  9344 | Bailey   | Identified the +5 spear of the Puffin {heavy, rPois rC+}
  9673 | Lair:1   | Entered Level 1 of the Lair of Beasts
  9794 | Lair:1   | Reached skill level 10 in Fighting
  9807 | Lair:1   | Reached skill level 10 in Invocations
  9824 | Lair:1   | Received a gift from Okawaru
 10581 | Lair:1   | Reached skill level 13 in Short Blades
 10993 | Lair:2   | Noticed a death yak
 10993 | Lair:2   | Noticed a death yak
 10994 | Lair:2   | Noticed a death yak
 11037 | Lair:1   | Killed a death yak
 11037 | Lair:1   | Received a gift from Okawaru
 11180 | Lair:1   | Reached XP level 12. HP: 83/98 MP: 20/20
 11588 | Lair:1   | Killed a death yak
 11911 | Lair:2   | Killed a death yak
 11911 | Lair:2   | Received a gift from Okawaru
 11965 | Lair:2   | Reached skill level 14 in Short Blades
 13081 | Lair:3   | Found a frozen archway.
 13104 | IceCv    | Entered an ice cave
 13618 | IceCv    | Reached ****** piety under Okawaru
 13716 | IceCv    | Acquired a +1 quick blade of venom
 13716 | IceCv    | Received a gift from Okawaru
 14124 | IceCv    | Mangled by a three-headed hydra simulacrum

Illustrated notes

Levels and vault maps discovered:
D:1:      onia_arrival_handbag, layout_rooms, nicolae_ecumenical_snake_handling,
          corexii_hall_statues_l, minmay_split_cup_small
D:2:      layout_basic, serial_shops, shop, uniq_sigmund
D:3:      layout_rooms, marbit_many_paths, hex_intersection
D:4:      layout_basic
D:5:      layout_loops_ring, mainiacjoe_overflow_paths,
          minmay_temple_entry_fiery, grunt_tough_drop
D:6:      layout_loops_corners
D:7:      layout_loops_ring, mrwooster_statue_mirror, nicolae_shop_fire_sale
          [nicolae_sub_dead_trees]
D:8:      layout_basic, minmay_lair_entry_grove
D:9:      layout_roguey, orc_0_dummy, uniq_harold
D:10:     layout_rooms, enter_bailey_8, uniq_maggie
Temple:   nicolae_temple_slightly_damp_pantheon
Lair:1:   layout_long_grid
Lair:2:   layout_hall_layers, grunt_megastairs_2, lemuel_fruit_fields
Lair:3:   layout_regular_city, mainiacjoe_swamp_entry_angry_trees,
          nicolae_snake_entry_squirm, portal_ice_cave_rime, grunt_megastairs_3,
          serial_bayou_shore_b
IceCv:    ice_cave_tombish

Skill      XL: |  1  2  3  4  5  6  7  8  9 10 11 12 |
---------------+-------------------------------------+-----
Dodging        | 3 |  3.6
Fighting       | 3 4 5 6 8 9 10 12 | 12.3
Short Blades   | 4 5 7 8 10 11 13 14 | 14.0
Invocations    | 3 6 8 10 13 | 13.6
Throwing       | 2 |  2.3

Action                     |  1- 3 |  4- 6 |  7- 9 | 10-12 || total
---------------------------+-------+-------+-------+-------++-------
  Melee: Rapier            |   114 |   118 |   324 |   466 ||  1022
         Touch             |     8 |    26 |    87 |   248 ||   369
         Short sword       |       |       |       |   496 ||   496
         Quick blade       |       |       |       |    55 ||    55
  Throw: Throwing net      |     1 |       |       |     1 ||     2
         Dart              |       |       |       |    26 ||    26
 Invoke: Heroism           |       |       |       |     1 ||     1
         Receive Weapon    |       |       |       |     1 ||     1
  Evoke: Wand              |       |     2 |       |     7 ||     9
    Use: Scroll            |       |       |     6 |     8 ||    14
   Stab: Sleeping          |       |       |     1 |       ||     1
         Held in net/web   |       |       |       |     1 ||     1
 Armour: Ring mail         |    47 |    59 |   186 |    61 ||   353
         Leather armour    |     1 |       |       |       ||     1
         Scale mail        |       |       |       |   538 ||   538
  Dodge: Dodged            |    90 |    88 |   153 |   384 ||   715

Table legend: (Time is in decaauts)
 A = Elapsed time spent in this place.
 B = Non-inter-level travel time spent in this place.
 C = Inter-level travel time spent in this place.
 D = Time resting spent in this place.
 E = Time spent auto-exploring this place.
 F = Levels seen in this place.
 G = Mean time per level.
                   A        B        C        D        E       F      G
               +--------+--------+--------+--------+--------+-----+--------+
         Total |  13606 |  12857 |    749 |   2019 |   8275 |  16 |  850.4 |
       Dungeon |   9044 |   8546 |    498 |    371 |   6511 |  10 |  904.4 |
        Temple |     76 |      2 |     74 |      0 |      0 |   1 |   76.0 |
          Lair |   3184 |   3007 |    177 |    820 |   1524 |   3 | 1061.3 |
        Bailey |    338 |    338 |      0 |     80 |    155 |   1 |  338.0 |
      Ice Cave |    961 |    961 |      0 |    748 |     85 |   1 |  961.0 |
               +--------+--------+--------+--------+--------+-----+--------+

Top non-repeatable levels by time:
  Lair:1: 1804 daAuts
     D:8: 1507 daAuts
  Lair:2: 1266 daAuts
     D:5: 1107 daAuts
     D:2: 1099 daAuts
     D:4: 1083 daAuts
   IceCv: 961 daAuts
     D:9: 947 daAuts
     D:6: 913 daAuts
     D:1: 688 daAuts
     D:7: 684 daAuts
     D:3: 576 daAuts
    D:10: 436 daAuts
  Bailey: 338 daAuts
  Lair:3: 113 daAuts
